 Dungeon Crawl Stone Soup version 0.24-a0-474-g47c397e050 (webtiles) character file.

Game seed: 16502892827907823526

334613 MaCx the Imperceptible (level 20, -2/117 HPs)
             Began as a Spriggan Enchanter on July 2, 2019.
             Was an Initiate of Gozag.
             Killed from afar by a battlesphere (8 damage)
             ... created by a tengu reaver
             ... on level 2 of the Vaults on July 12, 2020.
             The game lasted 06:46:57 (73460 turns).

MaCx the Imperceptible (Spriggan Enchanter)        Turns: 73460, Time: 06:46:58

Health: -2/117     AC:  6    Str:  4    XL:     20   Next: 94%
Magic:  35/35      EV: 36    Int: 29    God:    Gozag
Gold:   14626      SH: 12    Dex: 19    Spells: 23/47 levels left

rFire    + . .     SeeInvis +   a - +12 Vampire's Tooth {vamp}
rCold    + . .     Gourm    .   O - +3 buckler
rNeg     . . .     Faith    .   F - +2 robe {MR+}
rPois    .         Spirit   .   W - +2 hat
rElec    +         Reflect  .   g - scarf {rC+ rF+}
rCorr    .         Harm     .   (gloves unavailable)
MR       +++++                  (boots unavailable)
Stlth    +++++++++.             H - amulet of regeneration
HPRegen  0.69/turn              c - ring of Mistrust {+Fly MR+ Int+6}
MPRegen  0.24/turn              Z - ring of Cypikhlox {rElec MR+}

@: studying Dodging, very quick
A: very small, unfitting armour, see invisible, herbivore, speed 3, low mp 1,
slow metabolism 2
}: 2/15 runes: decaying, serpentine
a: Potion Petition, Call Merchant, Bribe Branch, Renounce Religion, Evoke Flight


You were on level 2 of the Vaults.
You worshipped Gozag.
Gozag was extremely pleased with you.
You were not hungry.

You visited 7 branches of the dungeon, and saw 35 of its levels.
You also visited: Ice Cave and Desolation.

You collected 17897 gold pieces.
You spent 3216 gold pieces at shops.
You paid 55 gold pieces to Gozag.

Inventory:

Hand Weapons
 a - the +12 Vampire's Tooth (weapon) {vamp}
   (You found it on level 10 of the Dungeon)

   It inflicts no extra harm, but heals its wielder when it wounds a living foe.
 b - the +8 rapier "Nimadepi" {pierce, Str+4}
   (You bought it in a shop on level 2 of the Orcish Mines)

   It inflicts extra damage upon your enemies.
   It affects your strength (+4).
Armour
 g - a scarf of resistance (worn)
 i - a +2 cloak of poison resistance
 F - a +2 robe of magic resistance (worn)
 O - a +3 buckler (worn)
 W - a +2 hat (worn)
Jewellery
 c - the ring of Mistrust (left hand) {+Fly MR+ Int+6}
   (You bought it in a shop on level 1 of the Orcish Mines)

   [ring of flight]

   It affects your intelligence (+6).
   It affects your resistance to hostile enchantments.
   It lets you fly.
 x - a ring of the Octopus King {AC+1 EV+1 Str+1 Int+1 Dex+1 SInv}
   (You found it on level 3 of the Elven Halls)

   [ring of see invisible]

   It affects your AC (+1).
   It affects your evasion (+1).
   It affects your strength (+1).
   It affects your intelligence (+1).
   It affects your dexterity (+1).
   It lets you see invisible.
 y - the ring of Temptation {rC++ rN+}
   (You found it in the Desolation of Salt)

   [ring of positive energy]

   It greatly protects you from cold.
   It protects you from negative energy.
 E - the ring of Ontuoc {Ice Slay+3}
   (You found it on level 2 of the Lair of Beasts)

   [ring of ice]

   It enhances your ice magic.
   It affects your accuracy and damage with ranged weapons and melee attacks
   (+3).
   It makes you vulnerable to fire.
   It protects you from cold.
 H - an amulet of regeneration (around neck)
 P - the amulet "Utsegus" {Spirit rN++ MP-9}
   (You took it off an ironbrand convoker in the Desolation of Salt)

   [amulet of guardian spirit]

   It causes incoming damage to be split between your health and magic.
   It greatly protects you from negative energy.
   It affects your magic capacity (-9).
 Z - the ring of Cypikhlox (right hand) {rElec MR+}
   (You bought it in a shop on level 1 of the Orcish Mines)

   [ring of protection from magic]

   It insulates you from electricity.
   It affects your resistance to hostile enchantments.
Wands
 s - a wand of digging (5)
 A - a wand of enslavement (8)
 C - a wand of polymorph (18)
 J - a wand of iceblast (44)
 K - a wand of flame (31)
 M - a wand of paralysis (12)
 N - a wand of clouds (20)
 T - a wand of disintegration (15)
 Y - a wand of acid (34)
Scrolls
 n - 16 scrolls of teleportation
 o - 7 scrolls of magic mapping
 p - 17 scrolls of remove curse
 q - 10 scrolls of amnesia
 t - 4 scrolls of enchant armour
 w - a scroll of blinking
 B - 4 scrolls of fog
 D - a scroll of silence
 L - 19 scrolls of identify
 U - a scroll of summoning
 V - 3 scrolls of fear
Potions
 e - 9 potions of curing
 f - 17 potions of flight
 h - 5 potions of brilliance
 j - a potion of resistance
 k - 4 potions of heal wounds
 l - 3 potions of might
 m - 8 potions of agility
 u - 6 potions of ambrosia
 v - 6 potions of lignification
 z - 3 potions of haste
 G - 5 potions of invisibility
 Q - 2 potions of cancellation
 S - 3 potions of berserk rage
 X - 3 potions of magic
Books
 r - a manual of Dodging
Comestibles
 d - 30 rations


   Skills:
 * Level 17.2 Fighting
 - Level 14.0 Short Blades
 + Level 20.1 Dodging
 + Level 24.7 Stealth
 - Level 9.2 Shields
 - Level 14.0 Spellcasting
 - Level 12.0 Hexes
 + Level 9.1 Evocations


You had 23 spell levels left.
You knew the following spells:

 Your Spells              Type           Power        Failure   Level  Hunger
a - Ensorcelled Hibernat  Hex/Ice        ######       1%          2    None
b - Confuse               Hex            ######..     1%          3    None
c - Dazzling Spray        Conj/Hex       ######       1%          3    None
d - Corona                Hex            ######.      1%          1    None
e - Invisibility          Hex            ######..     2%          6    ####...
f - Passwall              Tmut/Erth      ###.....     3%          2    None
g - Swiftness             Chrm/Air       ###.....     3%          2    None
h - Silence               Hex/Air        ######....   6%          5    None

Your spell library contained the following spells:

 Spells                   Type           Power        Failure   Level  Hunger
 Confusing Touch          Hex            ######       1%          1    None
 Inner Flame              Hex/Fire       ######..     1%          3    None
 Portal Projectile        Hex/Tloc       ######       1%          3    None
 Summon Guardian Golem    Hex/Summ       ######..     1%          3    None
 Tukima's Dance           Hex            ######..     1%          3    None
 Cause Fear               Hex            ######....   1%          4    None
 Fulminant Prism          Conj/Hex       ######....   1%          4    None
 Leda's Liquefaction      Hex/Erth       ######....   1%          4    None
 Animate Skeleton         Necr           N/A          2%          1    None
 Beastly Appendage        Tmut           ###...       2%          1    None
 Flame Tongue             Conj/Fire      ###..        2%          1    None
 Freeze                   Ice            ###.         2%          1    None
 Magic Dart               Conj           ###.         2%          1    None
 Pain                     Necr           ###.         2%          1    None
 Shock                    Conj/Air       ###.         2%          1    None
 Summon Small Mammal      Summ           ###.         2%          1    None
 Darkness                 Hex            ######....   2%          6    ####...
 Call Imp                 Summ           ###.....     3%          2    None
 Corpse Rot               Necr           N/A          3%          2    None
 Poisonous Vapours        Pois/Air       ###...       3%          2    None
 Searing Ray              Conj           ###...       3%          2    None
 Sticks to Snakes         Tmut           ###.....     3%          2    None
 Sublimation of Blood     Necr           ###.......   3%          2    None
 Throw Flame              Conj/Fire      ###...       3%          2    None
 Throw Frost              Conj/Ice       ###...       3%          2    None
 Metabolic Englaciation   Hex/Ice        ######....   6%          5    None
 Yara's Violent Unravell  Hex/Tmut       ######....   6%          5    None
 Call Canine Familiar     Summ           ###.....     8%          3    None
 Conjure Flame            Conj/Fire      ###.....     8%          3    None
 Gell's Gravitas          Tloc           ###.......   8%          3    None
 Mephitic Cloud           Conj/Pois/Air  ###.....     8%          3    None
 Ozocubu's Armour         Chrm/Ice       ###.....     8%          3    None
 Recall                   Summ/Tloc      N/A          8%          3    None
 Regeneration             Chrm/Necr      ###.......   8%          3    None
 Spider Form              Tmut/Pois      ###.......   8%          3    None
 Static Discharge         Conj/Air       ###.....     8%          3    None
 Stone Arrow              Conj/Erth      ###...       8%          3    None
 Vampiric Draining        Necr           ###.......   8%          3    None
 Airstrike                Air            ###.......   24%         4    None
 Animate Dead             Necr           N/A          24%         4    None
 Force Lance              Conj/Tloc      ###.....     24%         4    None
 Ice Form                 Ice/Tmut       ###.....     24%         4    None
 Iskenderun's Mystic Bla  Conj           ###.....     24%         4    None
 Passage of Golubria      Tloc           N/A          24%         4    None
 Petrify                  Tmut/Erth      ###.....     24%         4    None
 Sticky Flame             Conj/Fire      ###.....     24%         4    None
 Summon Ice Beast         Ice/Summ       ###.....     24%         4    None
 Summon Lightning Spire   Summ/Air       ###.....     24%         4    None
 Throw Icicle             Conj/Ice       ###.....     24%         4    None
 Agony                    Necr           ###.....     56%         5    None
 Blade Hands              Tmut           ###.......   56%         5    None
 Bolt of Draining         Conj/Necr      ###.......   56%         5    None
 Bolt of Magma            Conj/Fire/Erth ###.......   56%         5    None
 Borgnjor's Vile Clutch   Necr/Erth      ###.......   56%         5    None
 Dispel Undead            Necr           ###.....     56%         5    None
 Excruciating Wounds      Chrm/Necr      ###.......   56%         5    None
 Fireball                 Conj/Fire      ###.......   56%         5    None
 Iskenderun's Battlesphe  Conj/Chrm      ###.....     56%         5    None
 Lee's Rapid Deconstruct  Erth           ###.......   56%         5    None
 Lightning Bolt           Conj/Air       ###.......   56%         5    None
 Venom Bolt               Conj/Pois      ###.......   56%         5    None
 Discord                  Hex            ######....   75%         8    #######
 Bolt of Cold             Conj/Ice       ###.......   98%         6    ####...
 Conjure Ball Lightning   Conj/Air       ###.......   98%         6    ####...
 Death Channel            Necr           ###.......   98%         6    ####...
 Deflect Missiles         Chrm/Air       ###.......   98%         6    ####...
 Freezing Cloud           Conj/Ice/Air   ###.......   98%         6    ####...
 Iron Shot                Conj/Erth      ###.......   98%         6    ####...
 Ozocubu's Refrigeration  Ice            ###.......   98%         6    ####...
 Simulacrum               Ice/Necr       ###.......   98%         6    ####...
 Statue Form              Tmut/Erth      ###......    98%         6    ####...
 Orb of Destruction       Conj           ###.......   100%        7    #####..
 Ring of Flames           Chrm/Fire      ###.......   100%        7    #####..
 Spellforged Servitor     Conj/Summ      ###.......   100%        7    #####..
 Shatter                  Erth           ###.......   100%        9    #######
 Tornado                  Air            ###.......   100%        9    #######


Dungeon Overview and Level Annotations

Branches:
Dungeon (15/15)            Temple (0/1) D:6            Lair (5/6) D:8
  Swamp (4/4) Lair:3        Snake (4/4) Lair:2        Slime (0/5) Lair:5
    Orc (2/2) D:11            Elf (3/3) Orc:2        Vaults (2/5) D:14
 Depths (0/5) D:15
  Crypt: Vaults:2-3

Altars:
Ashenzari
Cheibriados
Gozag
Kikubaaqudgha
Nemelex Xobeh
Okawaru
Qazlal
Sif Muna
Trog
Uskayaw
Vehumet
Xom
Beogh
Jiyva

Shops:
D:4 [*   D:5 [   D:7 :   D:13 =   D:15 %   Orc:1 =   Orc:2 [(*=:   Vaults:1 =
Vaults:2 (

Annotations:
D:2 Robin
D:3 Grinder
D:13 1 exclusion
D:15 2 runed translucent doors, exclusion: 2 doors, Loobiafy's ghost, journeyman MiBe
Lair:2 exclusion: 4 oklob plants
Lair:5 exclusions: 3 oklob plants and 3 more exclusions, Rupert
Swamp:2 exclusion: Roxanne, Roxanne
Snake:1 exclusion: downstairs
Elf:3 exclusion: orange crystal statue


Innate Abilities, Weirdness & Mutations

You are very small and have problems with some larger weapons.
You are too small for most types of armour.
You have supernaturally acute eyesight. (SInv)
You are a herbivore.
You cover ground extremely quickly.
You need to consume almost no food.
Your magical capacity is low. (-10% MP)


Message History

The barrage of energy hits you! The tengu reaver barely misses you.
The tengu reaver completely misses you. x2
You block the cyclops's attack. The tengu reaver closely misses you.
The tengu reaver completely misses you. The tengu reaver claws you.
* * * LOW HITPOINT WARNING * * *
The cyclops completely misses you.
The tengu reaver hits you with a +1 dire flail of protection!
* * * LOW HITPOINT WARNING * * *
The tengu reaver completely misses you. x2; The cyclops closely misses you.
The tengu reaver misses you. x2; The tengu reaver closely misses you.
The cyclops completely misses you. The tengu reaver completely misses you.
The tengu reaver barely misses you. You block the tengu reaver's attack.
The cyclops completely misses you.
The tengu reaver points at you and mumbles some strange words.
The bolt of magma hits you!! You partially resist.
* * * LOW HITPOINT WARNING * * *
The battlesphere fires!
The barrage of energy hits you!
You die...
Your body crumbles into a pile of gold.

###.$####.. ....
..#.)...#.. ### #..#
####.#.....#.. #..# #..#
...#.#.....#..
#.#..#..##.#.#.####..###
##.#.#..#.(..#.#.....#
#..........# #.#..#..#
####......####.'.....#
......<@.......##'##'###
......C....
#####..######.'........
........$$cCC..#........


You could see a tengu reaver, a cyclops and a battlesphere.

Vanquished Creatures
  Mara (Elf:3)
  Vashnia (Snake:2)
  Nikola (Snake:4)
  Jorgrun (Swamp:3)
  Asterion (Snake:4)
  3 deep elf blademasters
  5 deep elf master archers (Elf:3)
  A sphinx (D:14)
  3 thorn hunters
  Kirke (Snake:4)
  5 nagarajas
  A deep elf sorcerer (Elf:3)
  A fire giant (Vaults:2)
  2 frost giants
  3 imperial myrmidons (Desolation)
  An orc warlord (Orc:2)
  Aizul (Snake:4)
  2 vault wardens
  A deep elf elementalist (Elf:3)
  7 ironheart preservers
  A very ugly thing (Swamp:3)
  3 entropy weavers (Vaults:2)
  3 deep elf demonologists
  A halazid warlock (Desolation)
  7 deep elf annihilators
  The ghost of stripedtigrrr the Severer, a journeyman MiBe of Trog (D:14)
  An ettin (Vaults:2)
  2 crystal guardians (Desolation)
  5 deep elf death magi
  The ghost of zhorgal the Fighter, a journeyman FoAK of Lugonu (Orc:2)
  Snorg (Lair:4)
  A fire dragon (Vaults:2)
  2 deep elf high priests (Elf:3)
  3 ragged hierophants (Desolation)
  Josephine (D:13)
  A vault guard (Vaults:2)
  10 naga warriors
  A rakshasa (Vaults:2)
  2 ice dragons
  21 hydras
  7 yaktaur captains
  8 servants of whispers (Desolation)
  11 peacekeepers (Desolation)
  A catoblepas (D:13)
  6 centaur warriors
  14 anacondas
  2 ghost crabs
  5 shambling mangroves
  2 death knights
  9 alligators
  3 ogre magi
  3 death yaks (IceCv)
  Urug (D:13)
  3 deep troll earth magi
  3 large abominations (Elf:1)
  2 orc high priests
  6 shock serpents
  4 tengu warriors
  14 naga sharpshooters
  Sonja (Orc:2)
  3 spriggans
  A shadow wraith (Vaults:1)
  26 deep elf knights
  8 skeletal warriors
  A salamander mystic (Snake:2)
  An unseen horror (shapeshifter) (Vaults:1)
  6 swamp dragons
  A glowing orange brain (Vaults:1)
  7 deep trolls
  5 unseen horrors
  5 naga ritualists
  16 deep elf archers
  3 wizards
  57 deep elf magi
  10 ironbrand convokers
  2 necromancers (Elf:1)
  An orb spider (shapeshifter) (Vaults:1)
  7 orc knights
  3 harpies (Vaults:2)
  A wolf spider zombie (D:13)
  13 mana vipers
  14 ugly things
  A wolf spider (Vaults:1)
  6 salamanders
  2 orc sorcerers (Orc:2)
  3 moths of wrath (Lair:5)
  7 cyclopes
  3 manticores
  Maurice (D:11)
  3 elephants (Lair:4)
  6 guardian serpents (Desolation)
  A moth of wrath (shapeshifter) (D:15)
  37 naga magi
  10 spiny frogs
  2 centaur zombies (D:15)
  A torpor snail (Lair:5)
  24 black mambas
  5 vault sentinels
  2 gargoyles
  5 centaur skeletons
  2 molten gargoyles (Desolation)
  A rime drake (Lair:2)
  A freezing wraith (D:14)
  2 komodo dragons (Lair:2)
  A kobold demonologist (D:14)
  13 yaktaurs
  3 tengu conjurers
  2 ice devils (D:11)
  A queen bee (Lair:2)
  8 trolls
  9 polar bears
  3 meliai (D:13)
  6 bog bodies
  20 slime creatures
  11 hornets
  A wind drake (shapeshifter) (D:15)
  6 blink frogs
  20 tyrant leeches
  59 saltlings (Desolation)
  7 hippogriffs
  A redback (Vaults:2)
  A shadow (Swamp:3)
  5 air elementals
  4 vampires
  4 water elementals
  6 wraiths
  8 wyverns
  A tarantella (shapeshifter) (Vaults:1)
  A hog (shapeshifter) (D:15)
  5 hogs (Snake:4)
  57 yaks
  2 humans (shapeshifter)
  A basilisk (shapeshifter) (D:15)
  A basilisk (Lair:5)
  7 hungry ghosts
  3 fire elementals
  19 vampire mosquitoes
  4 insubstantial wisps (Swamp:4)
  2 wargs
  50 nagas
  19 swamp worms
  4 acid dragons
  A soldier ant (D:13)
  A soldier ant (shapeshifter) (Vaults:2)
  26 water moccasins
  9 swamp drakes
  25 orc warriors
  5 porcupines
  5 ice beasts
  5 sky beasts
  2 black bears
  6 phantoms
  A necrophage (D:15)
  19 ogres
  5 boggarts
  24 wolves
  14 centaurs
  An eye of draining (D:8)
  14 crocodiles
  7 big kobolds
  4 elf zombies (Elf:1)
  11 bullfrogs
  2 earth elementals
  A water moccasin zombie (D:8)
  2 wyvern skeletons
  9 scorpions
  42 killer bees
  2 troll zombies (D:11)
  3 wights (D:11)
  2 howler monkeys (D:5)
  3 electric eels
  6 crimson imps
  2 hounds (D:7)
  A gnoll shaman (D:9)
  16 orc priests
  3 bullfrog skeletons
  5 jellies
  24 orc wizards
  Crazy Yiuf (D:2)
  Jessica (D:2)
  12 iguanas
  5 hell rats (Lair:2)
  10 worker ants
  6 ogre zombies (D:11)
  A hound skeleton (D:5)
  3 gnolls
  9 adders
  7 river rats (Lair:2)
  2 shadow imps
  3 white imps (D:11)
  A worker ant simulacrum (D:11)
  4 oozes
  An adder skeleton (D:9)
  2 worms
  2 dart slugs (D:1)
  5 leopard geckos
  68 orcs
  7 ball pythons
  4 giant cockroaches
  7 goblins
  9 hobgoblins
  4 jackals (D:2)
  3 quokkas
  8 bats
  5 frilled lizards
  2 goblin skeletons (D:11)
  3 goblin zombies (D:11)
  2 hobgoblin skeletons (D:11)
  6 hobgoblin zombies (D:11)
  19 kobolds
  An orc skeleton (D:11)
  11 orc zombies (D:11)
  A quokka skeleton (D:5)
  9 rats
  A briar patch (Swamp:3)
1459 creatures vanquished.

Vanquished Creatures (others)
  A deep elf sorcerer (Elf:3)
  A deep elf annihilator (Elf:3)
  A deep elf death mage (Elf:3)
  25 dancing weapons
  2 deep elf magi (Elf:3)
  6 polar bears (IceCv)
  4 wolves (IceCv)
  A big kobold (D:14)
  2 briar patches (Swamp:3)
  4 fungi
  7 plants
  4 toadstools (D:1)
58 creatures vanquished.

Grand Total: 1517 creatures vanquished

Notes
Turn   | Place    | Note
-------+----------+-------------------------------------------
     0 | D:1      | MaCx the Spriggan Enchanter began the quest for the Orb.
     0 | D:1      | Reached XP level 1. HP: 9/9 MP: 5/5
   444 | D:1      | Reached XP level 2. HP: 12/13 MP: 6/6
   467 | D:1      | Reached skill level 5 in Stealth
   742 | D:1      | Learned a level 2 spell: Ensorcelled Hibernation
  1749 | D:2      | Reached XP level 3. HP: 16/16 MP: 2/8
  1924 | D:2      | Noticed Jessica
  1990 | D:2      | Killed Jessica
  1990 | D:2      | Reached XP level 4. HP: 19/21 MP: 4/9
  2230 | D:2      | Reached skill level 6 in Stealth
  2254 | D:2      | Noticed Robin
  3047 | D:2      | Found a runed translucent door.
  3048 | D:2      | Noticed Crazy Yiuf
  3055 | D:2      | Killed Crazy Yiuf
  3599 | D:3      | Noticed Grinder
  3606 | D:3      | Paralysed by Grinder for 5 turns
  3612 | D:3      | HP: 1/21 [Grinder/nerve-wracking pain (14)]
  3974 | D:3      | Found a hide-covered altar of Uskayaw.
  3988 | D:3      | Reached XP level 5. HP: 22/24 MP: 1/10
  4626 | D:3      | Learned a level 3 spell: Confuse
  4630 | D:3      | Learned a level 3 spell: Dazzling Spray
  5488 | D:4      | Found Dyfakk's Armour Shoppe.
  5667 | D:4      | Found Gozag's Platinum Reserve.
  5681 | D:4      | Found a snail-covered altar of Cheibriados.
  5805 | D:4      | Found an opulent altar of Gozag.
  5835 | D:4      | Became a worshipper of Gozag Ym Sagoz the Greedy
  6109 | D:5      | Entered Level 5 of the Dungeon
  6115 | D:5      | Reached skill level 11 in Stealth
  6115 | D:5      | Reached XP level 6. HP: 32/32 MP: 12/12
  6312 | D:5      | Reached skill level 5 in Hexes
  6312 | D:5      | Reached XP level 7. HP: 36/36 MP: 8/13
  7263 | D:5      | Reached skill level 12 in Stealth
  7527 | D:5      | Found Hiafriva's Armour Boutique.
  7965 | D:6      | Got a shimmering short sword
  7981 | D:6      | Identified the cursed +0 short sword "Nufuc" {antimagic,
                  | Int+5 SInv Stlth-} (You found it on level 6 of the Dungeon)
  8387 | D:6      | Reached XP level 8. HP: 40/40 MP: 15/15
  8418 | D:6      | Found a staircase to the Ecumenical Temple.
  9037 | D:6      | Found a stormy altar of Qazlal.
  9261 | D:7      | Reached skill level 5 in Spellcasting
  9911 | D:7      | Found Miweutri's Book Emporium.
 10077 | D:7      | Found an ancient bone altar of Kikubaaqudgha.
 10115 | D:7      | Reached skill level 1 in Shields
 10115 | D:7      | Reached XP level 9. HP: 41/44 MP: 5/17
 10503 | D:8      | Found a staircase to the Lair.
 10574 | D:8      | Found a shattered altar of Ashenzari.
 12643 | D:9      | Reached skill level 5 in Shields
 12777 | D:8      | Reached XP level 10. HP: 49/49 MP: 11/18
 13097 | D:9      | Found an iron altar of Okawaru.
 13526 | D:10     | Entered Level 10 of the Dungeon
 13808 | D:10     | Found the +12 Vampire's Tooth {vamp}
 15343 | D:11     | Found a frozen archway.
 15367 | D:11     | Reached XP level 11. HP: 47/52 MP: 2/19
 15477 | IceCv    | Entered an ice cave
 15863 | IceCv    | Noticed a death yak
 15863 | IceCv    | Noticed a death yak
 15940 | IceCv    | Killed a death yak
 15957 | IceCv    | Killed a death yak
 16399 | IceCv    | Reached skill level 10 in Dodging
 16410 | IceCv    | Reached skill level 13 in Stealth
 16588 | IceCv    | Noticed a death yak
 16588 | IceCv    | Noticed a frost giant
 16779 | IceCv    | Killed a death yak
 17269 | IceCv    | Killed a frost giant
 17599 | D:11     | Reached XP level 12. HP: 56/56 MP: 23/23
 17772 | D:11     | Noticed Maurice
 18022 | D:11     | Killed Maurice
 18022 | D:11     | Reached skill level 14 in Stealth
 18076 | D:11     | Reached skill level 10 in Short Blades
 18110 | D:11     | You fall into a shaft and drop 1 floor!
 18164 | D:12     | Noticed a centaur warrior
 18262 | D:11     | Found a staircase to the Orcish Mines.
 18776 | D:11     | Noticed a tengu warrior
 18808 | D:11     | Killed a tengu warrior
 19092 | Lair:1   | Entered Level 1 of the Lair of Beasts
 19662 | Lair:1   | Reached skill level 15 in Stealth
 20240 | D:4      | Bought a +2 buckler for 231 gold pieces
 20552 | D:7      | Bought a book of Burglary for 1200 gold pieces
 20559 | D:7      | Learned a level 6 spell: Invisibility
 20562 | D:7      | Learned a level 2 spell: Passwall
 20565 | D:7      | Learned a level 2 spell: Swiftness
 20612 | Lair:2   | Found a staircase to the Snake Pit.
 20788 | Lair:2   | Noticed a five-headed hydra
 20812 | Lair:2   | Killed a five-headed hydra
 21438 | Lair:2   | Got a translucent copper ring
 21442 | Lair:2   | Identified the ring of Ontuoc {Ice Slay+3} (You found it on
                  | level 2 of the Lair of Beasts)
 21635 | Lair:2   | Reached XP level 13. HP: 54/60 MP: 11/24
 23095 | Lair:2   | Reached skill level 16 in Stealth
 23667 | Lair:2   | Reached skill level 10 in Hexes
 24011 | Lair:3   | Found a staircase to the Swamp.
 24643 | Lair:3   | You fall into a shaft and drop 1 floor!
 24735 | Lair:4   | Noticed Snorg
 24790 | Lair:4   | Killed Snorg
 26174 | Lair:5   | Found a viscous altar of Jiyva.
 26174 | Lair:5   | Found a staircase to the Slime Pits.
 26376 | Lair:5   | Reached skill level 17 in Stealth
 26964 | Lair:5   | Reached skill level 5 in Fighting
 27444 | Lair:5   | Noticed Rupert
 27543 | Lair:5   | Got an ebony hunting sling
 27588 | Lair:4   | Identified the +5 hunting sling "Tisatot" {velocity, Int+6
                  | Dex-2} (You found it on level 5 of the Lair of Beasts)
 28134 | D:11     | Reached XP level 14. HP: 37/68 MP: 18/27
 29444 | D:12     | Found a bloodstained altar of Trog.
 29684 | D:13     | Noticed Urug
 29689 | D:13     | Killed Urug
 29839 | D:13     | Found a sparkling altar of Nemelex Xobeh.
 29886 | D:13     | Reached skill level 18 in Stealth
 30475 | D:13     | Noticed Josephine
 30485 | D:13     | Killed Josephine
 30718 | D:13     | Found Riag's Jewellery Shop.
 31029 | D:13     | Found a shimmering altar of Xom.
 31545 | D:14     | Reached skill level 19 in Stealth
 31554 | D:14     | Found a gate to the Vaults.
 31554 | D:14     | Noticed an ironheart preserver
 31562 | D:14     | Killed an ironheart preserver
 31915 | D:14     | Found a runed translucent door.
 31915 | D:14     | Found a shimmering altar of Xom.
 31915 | D:14     | Noticed stripedtigrrr's ghost (journeyman MiBe)
 31916 | D:14     | Identified the +8 dire flail "Ahaips" {chaos, *Contam
                  | Dex+6}
 31923 | D:14     | Killed stripedtigrrr's ghost
 32326 | D:14     | Noticed a frost giant
 32335 | D:14     | Noticed a sphinx
 32483 | D:14     | Killed a sphinx
 32483 | D:14     | Reached XP level 15. HP: 68/80 MP: 20/28
 32589 | D:14     | Killed a frost giant
 32619 | D:14     | Reached skill level 10 in Fighting
 32769 | D:14     | Gained mutation: Your magical capacity is low. (-10% MP)
                  | [mutagenic glow]
 33336 | D:15     | Entered Level 15 of the Dungeon
 33895 | D:15     | Found a staircase to the Depths.
 33940 | D:15     | Reached skill level 20 in Stealth
 34260 | D:15     | Found a large runed translucent door.
 34260 | D:15     | Found a large runed translucent door.
 34303 | D:15     | Found Loxzeyf's Food Shoppe.
 34443 | D:15     | Noticed Loobiafy's ghost (journeyman MiBe)
 34813 | Orc:1    | Entered Level 1 of the Orcish Mines
 35261 | Orc:1    | Found Jiahiehe's Jewellery Emporium.
 35398 | Orc:2    | Entered Level 2 of the Orcish Mines
 35594 | Orc:2    | Noticed Sonja
 35601 | Orc:2    | Killed Sonja
 35605 | Orc:2    | Found Qageroys's Book Shop.
 35772 | Orc:2    | Found a runed translucent door.
 35772 | Orc:2    | Noticed zhorgal's ghost (journeyman FoAK)
 35777 | Orc:2    | Killed zhorgal's ghost
 36051 | Orc:2    | Noticed an orc warlord
 36265 | Orc:2    | Found a roughly hewn altar of Beogh.
 36268 | Orc:2    | Found Gosyrav's Antique Armour Shoppe.
 36287 | Orc:2    | Found Weerrucw's General Store.
 36305 | Orc:2    | Found Posoja's Jewellery Shoppe.
 36329 | Orc:2    | Found Nace Qec's Antique Weapon Shoppe.
 36337 | Orc:2    | Killed an orc warlord
 36709 | Orc:2    | Found a staircase to the Elven Halls.
 36816 | Orc:1    | Bought the ring of Cypikhlox {rElec MR+} for 702 gold
                  | pieces
 36816 | Orc:1    | Bought the ring of Mistrust {+Fly MR+ Int+6} for 768 gold
                  | pieces
 37074 | Swamp:1  | Entered Level 1 of the Swamp
 38103 | Swamp:2  | Identified Roxanne's Guide on Clay
 38103 | Swamp:2  | Noticed Roxanne
 38889 | Swamp:2  | Reached XP level 16. HP: 88/88 MP: 26/26
 39699 | Swamp:3  | Noticed Jorgrun
 39890 | Swamp:3  | Killed Jorgrun
 40037 | Swamp:3  | Noticed a thorn hunter
 40092 | Swamp:3  | Killed a thorn hunter
 40092 | Swamp:3  | Reached skill level 21 in Stealth
 40537 | Swamp:4  | Entered Level 4 of the Swamp
 40579 | Swamp:4  | Noticed a thorn hunter
 40590 | Swamp:4  | Killed a thorn hunter
 40820 | Swamp:4  | Noticed a thorn hunter
 40844 | Swamp:4  | Killed a thorn hunter
 42136 | Swamp:4  | Reached skill level 10 in Spellcasting
 42837 | Swamp:4  | Got a decaying rune of Zot
 43050 | Lair:3   | Upgraded the game from 0.24-a0-462-ge24419a6ad to
                  | 0.24-a0-464-g6b2be6b8c7
 43098 | Snake:1  | Entered Level 1 of the Snake Pit
 43342 | Snake:1  | Found a runed translucent gate.
 43342 | Snake:1  | Found a runed translucent gate.
 43342 | Snake:1  | Found a runed translucent gate.
 44413 | Snake:2  | Reached XP level 17. HP: 75/95 MP: 24/28
 44666 | Snake:2  | Noticed Vashnia
 45783 | Snake:2  | Killed Vashnia
 47770 | Snake:2  | Reached skill level 15 in Dodging
 50046 | Snake:4  | Entered Level 4 of the Snake Pit
 50189 | Snake:4  | Noticed Kirke
 50464 | Snake:4  | Killed Kirke
 50500 | Snake:4  | Reached skill level 22 in Stealth
 50892 | Snake:4  | Noticed Nikola
 51506 | Snake:4  | Killed Nikola
 51522 | Snake:4  | Noticed Asterion
 51535 | Snake:4  | Killed Asterion
 52775 | Snake:4  | Reached XP level 18. HP: 90/102 MP: 24/29
 53727 | Snake:4  | Noticed Aizul
 54553 | Snake:4  | Killed Aizul
 55729 | Snake:4  | Got a serpentine rune of Zot
 56063 | Elf:1    | Entered Level 1 of the Elven Halls
 56885 | Elf:1    | Identified Luhetake's Compendium of Black Magic
 57318 | Elf:1    | Found a deep blue altar of Sif Muna.
 57812 | Elf:1    | Reached skill level 15 in Fighting
 58436 | Elf:1    | Identified Buyrch's Volume of Attacks
 59744 | Elf:2    | Reached skill level 23 in Stealth
 60576 | Elf:2    | Found a huge runed translucent gate.
 60576 | Elf:2    | Found a huge runed translucent gate.
 60576 | Elf:2    | Found a huge runed translucent gate.
 60576 | Elf:2    | Found a huge runed translucent gate.
 60576 | Elf:2    | Found a huge runed translucent gate.
 60778 | Elf:2    | Reached XP level 19. HP: 108/108 MP: 30/32
 61736 | Orc:2    | Bought an iridescent rapier for 315 gold pieces
 61740 | Orc:2    | Identified the +8 rapier "Nimadepi" {pierce, Str+4} (You
                  | bought it in a shop on level 2 of the Orcish Mines)
 61814 | Elf:3    | Entered Level 3 of the Elven Halls
 61835 | Elf:3    | Noticed Mara
 61854 | Elf:3    | Reached skill level 1 in Evocations
 61856 | Elf:3    | Noticed MaCx's illusion
 62038 | Elf:3    | Killed Mara
 62200 | Elf:3    | Found a radiant altar of Vehumet.
 62695 | Elf:2    | Learned a level 5 spell: Silence
 64337 | Elf:3    | Found the ring of the Octopus King
 64498 | Elf:3    | Got a ring of the Octopus King
 64500 | Elf:3    | Identified a ring of the Octopus King {AC+1 EV+1 Str+1
                  | Int+1 Dex+1 SInv} (You found it on level 3 of the Elven
                  | Halls)
 64514 | Elf:3    | Got a smoking silver ring
 64517 | Elf:3    | Identified the ring "Diraq" {*Slow AC+3 Str+8} (You found
                  | it on level 3 of the Elven Halls)
 64526 | Elf:3    | Got a wavering marble ring
 64530 | Elf:3    | Identified the ring of Ashenzari's Vengeance {*Slow rElec
                  | rPois rF+ Int+5} (You found it on level 3 of the Elven
                  | Halls)
 64537 | Elf:3    | Got a clouded jade ring
 64555 | Elf:3    | Identified the ring "Hekkug" {*Slow rF+ rN++} (You found it
                  | on level 3 of the Elven Halls)
 64614 | Elf:3    | Got an ichor-stained robe
 64644 | Elf:3    | Identified the +0 robe of Yheasabo {rC+ rCorr Str+3} (You
                  | found it on level 3 of the Elven Halls)
 64996 | Vaults:1 | Entered Level 1 of the Vaults
 64998 | Vaults:1 | Found a ruined gateway.
 65008 | Desolati | Entered the Desolation of Salt
 65351 | Desolati | Reached skill level 5 in Evocations
 66150 | Desolati | Identified the ring "Eshoux" {rElec MP+9 Int-5 Dex+5 SInv}
 66363 | Desolati | Got a scintillating copper ring
 66364 | Desolati | Identified the Handbook of Battle Magic and Bewitchment
 66403 | Desolati | Identified the ring of Temptation {rC++ rN+} (You found it
                  | in the Desolation of Salt)
 66765 | Desolati | Identified the amulet "Utsegus" {Spirit rN++ MP-9}
 66784 | Desolati | Reached XP level 20. HP: 108/116 MP: 24/34
 66908 | Desolati | Reached skill level 24 in Stealth
 67211 | Desolati | Found the +4 skin of Zhor {Hibernate rC+++ SInv}
 67314 | Desolati | Got a heavily runed jade ring
 67316 | Desolati | Identified the cursed ring of the Foremost Planets {Str-3
                  | Dex+2} (You found it in the Desolation of Salt)
 68658 | Vaults:1 | Found Tubbor's Jewellery Emporium.
 72473 | Vaults:2 | Found Penlupun's Weapon Emporium.
 72814 | Vaults:2 | Got a heavy robe
 72825 | Vaults:2 | Identified the +1 robe of Compassion {Str+5} (You found it
                  | on level 2 of the Vaults)
 72938 | Vaults:2 | Upgraded the game from 0.24-a0-464-g6b2be6b8c7 to
                  | 0.24-a0-474-g47c397e050
 73460 | Vaults:2 | Killed from afar by a battlesphere

Levels and vault maps discovered:
D:1:      ldierk_water_garden, layout_rooms, minmay_misc_feat_plants,
          roderic_roman_lattice, chequers_big_river
D:2:      layout_loops_corners, nrook_mini_vaults, uniq_crazy_yiuf_cottage,
          uniq_jessica, uniq_robin
D:3:      layout_loops_corners, eat_drink_and_be_merry_uskayaw, uniq_grinder
D:4:      layout_cave_pods, nicolae_gozag_zags_fifth_avenue,
          cheibriados_altar_1, serial_shops, shop, first_ration
D:5:      cheibrodos_fzero, layout_loops_ring, serial_shops, shop,
          chequers_avenue
D:6:      layout_basic, nicolae_qazlal_eye_of_the_storm,
          minmay_temple_entry_grid, minmay_unpleasant_kobolds
D:7:      layout_rooms, kennysheep_little_box, serial_shops,
          nicolae_shop_statue_plus, grunt_ogre_cave
D:8:      layout_gridville, cheibrodos_ashenzari_chains, lair_entry_dummy
D:9:      layout_loops_ring, okawaru_metal_pillars_1_2
D:10:     layout_roguey, hex_large, minmay_guarded_unrand_vampires_tooth
D:11:     layout_basic, zombieorc2_lemuel, serial_ice, serial_ice_i,
          serial_ice_g, serial_ice_m, serial_ice_a,
          portal_ice_cave_demonic_guard, uniq_maurice
D:12:     layout_cave_pools, basic_altar, minmay_statues_item,
          kennysheep_generic_room_9
D:13:     layout_roguey, basic_altar, serial_shops, shop, tgw_xom, uniq_urug,
          uniq_josephine
D:14:     cross_vault, layout_loops_ring, skrybe_vaults_entry_preservation,
          ebering_ghost_xom, grunt_decor_cap
D:15:     gammafunk_enter_depths_forms, layout_long_grid, serial_park_tiny_1,
          serial_shops, shop, ebering_ghost_disaster_area
Lair:1:   layout_gridlike
Lair:2:   hangedman_what_comes_after_a, layout_chaotic_city,
          minmay_snake_entry_guardpost_small, kennysheep_abandoned_house
Lair:3:   layout_cave_pods, minmay_swamp_entry_reptiles, lemuel_fruit_tree
Lair:4:   layout_regular_city, uniq_snorg
Lair:5:   dpeg_oklob_gauntlet, layout_cave_pods, slime_altar_1,
          bh_autumn_forest_stairs, worms_lemuel, uniq_rupert
Swamp:1:  layout_basic_swamp, evilmike_swamp_ruin_house_2
Swamp:2:  layout_falls_marsh, evilmike_swamp_ruin_house_1,
          nicolae_swamp_baby_hydras, uniq_roxanne
Swamp:3:  layout_basic_swamp, evilmike_swamp_ruin_rubble_2, swamp_pool2,
          uniq_jorgrun
Swamp:4:  swamp, layout_basic_swamp
Snake:1:  layout_gridlike, nicolae_snake_horde_hoard
Snake:2:  layout_concentric_octagons, uniq_vashnia
Snake:3:  layout_grid_shapes
Snake:4:  snake_pit, layout_onion, grunt_megastairs_1, uniq_nikola, uniq_aizul,
          uniq_kirke, uniq_asterion
Orc:1:    layout_caves, serial_shops, shop
Orc:2:    grunt_orc_cross, layout_diamond_mine, serial_shops,
          nicolae_shop_waterfront, ebering_ghost_inner_flame, uniq_sonja
Elf:1:    minmay_elf_arrival_summoners, layout_gridlike, basic_altar,
          minmay_elf_annihilation, minmay_elf_necromancy, grunt_megastairs_2
Elf:2:    layout_geoelf_grid, serial_sigils, serial_sigils_hangedman_scratch,
          serial_sigils_hangedman_leer, fountainhead
Elf:3:    minmay_elf_hall, layout_gridlike, basic_altar, st_stairs_7,
          grunt_ministairs_9, ebering_dispersal_statue_hall,
          columned_hall_lemuel, minivault_15, guppyfry_elf_altar, uniq_mara
Vaults:1: nicolae_vaults_triangles, ontoclasm_vaults_gateway,
          hangedman_vaults_impose, nicolae_vaults_little_squares_3, v_pattern_5,
          vaults_dpeg_spiral, hangedman_vaults_locks, vaults_dpeg_ring,
          vaults_dpeg_cross, vaults_room_fours, layout_vaults_chaotic_city,
          serial_shops, nicolae_shop_behind_doors,
          portal_desolation_entry_nicolae_slug
Vaults:2: nicolae_vaults_alarming, grunt_vaults_trifunnel,
          hangedman_vaults_stagger, vaults_standard_mumra_enter_the_diamond,
          hangedman_vaults_cutoff, nicolae_vaults_network_quincunx
          [nicolae_vaults_network_quincunx_subvault,
          nicolae_vaults_network_quincunx_subvault,
          nicolae_vaults_network_quincunx_subvault,
          nicolae_vaults_network_quincunx_subvault,
          nicolae_vaults_network_quincunx_subvault], nicolae_vaults_rhombus_7,
          nicolae_vaults_minivaults, nicolae_vaults_little_squares_5,
          layout_vaults_maze, serial_shops, nicolae_shop_stone

Skill      XL: |  1  2  3  4  5  6  7  8  9 10 11 12 13 14 15 16 17 18 19 20 |
---------------+-------------------------------------------------------------+-----
Stealth        | 5 6 11 12 13 15 17 19 20 21 22 23 24 | 24.7
Short Blades   | 2 3 7 8 9 10 11 12 13 14 | 14.0
Hexes          | 4 5 6 7 8 11 12 | 12.0
Spellcasting   | 3 4 5 6 7 8 10 11 13 14 | 14.0
Fighting       | 3 5 9 11 13 14 15 16 17 | 17.2
Dodging        | 9 10 12 14 15 17 18 20 | 20.1
Shields        | 1 5 8 9 |  9.2
Evocations     | 5 9 |  9.1

Action                   |  1- 3 |  4- 6 |  7- 9 | 10-12 | 13-15 | 16-18 | 19-21 || total
-------------------------+-------+-------+-------+-------+-------+-------+-------++-------
Melee: Dagger            |    48 |   163 |   350 |   917 |   862 |   813 |    21 ||  3174
       Short sword       |       |       |   122 |    62 |       |       |       ||   184
       Rapier            |       |       |       |       |       |   108 |       ||   108
       Quick blade       |       |       |       |       |       |       |  1088 ||  1088
Throw: Stone             |    12 |       |     2 |    15 |    54 |    63 |    34 ||   180
 Cast: Corona            |     2 |     2 |    18 |    14 |     3 |       |       ||    39
       Ensorcelled Hiber |    11 |    47 |    39 |   151 |   333 |   454 |   109 ||  1144
       Confuse           |       |     2 |     4 |    61 |    41 |    41 |    45 ||   194
       Dazzling Spray    |       |       |       |     3 |     5 |   231 |   108 ||   347
       Invisibility      |       |       |       |       |    29 |    28 |    33 ||    90
       Silence           |       |       |       |       |       |       |    10 ||    10
 Abil: Evoke Flight      |       |       |       |       |       |     9 |       ||     9
Evoke: Wand              |       |       |       |    20 |     1 |     4 |       ||    25
  Use: Scroll            |       |     6 |     6 |     3 |    24 |     1 |     2 ||    42
       Potion            |       |     1 |       |     2 |       |       |     2 ||     5
 Stab: Sleeping          |    17 |    34 |    45 |   109 |   286 |   211 |   127 ||   829
       Distracted        |       |     1 |     3 |     9 |     5 |     3 |     2 ||    23
       Confused          |       |     1 |     1 |    22 |    22 |    26 |    25 ||    97
       Invisible         |       |       |       |     1 |    84 |   122 |   102 ||   309
  Eat: Ration            |       |     3 |     4 |     6 |    15 |    16 |    11 ||    55
Armor: Robe              |     5 |    13 |    16 |    15 |    25 |    43 |    15 ||   132
       Skin              |       |       |       |    34 |       |       |       ||    34
Dodge: Dodged            |    32 |   133 |   310 |   467 |   330 |   684 |   476 ||  2432
Block: Buckler           |       |       |       |   185 |   240 |   428 |   258 ||  1111

Table legend:
 A = Non-vault XP
 B = Vault XP
 C = Vault XP percentage of total XP
 D = Non-vault monster count
 E = Vault monster count
 F = Vault count percentage of total count
                 A         B        C        D         E       F
            +---------+---------+-------+---------+---------+-------
      Total |  270168 |  308600 |  53.3 |     840 |     649 |  43.6
            +---------+---------+-------+---------+---------+-------
        D:1 |      26 |       0 |   0.0 |      10 |       0 |   0.0
        D:2 |      83 |      82 |  49.7 |      28 |       5 |  15.2
        D:3 |      57 |       0 |   0.0 |      16 |       0 |   0.0
        D:4 |      37 |       0 |   0.0 |       3 |       0 |   0.0
        D:5 |     394 |     386 |  49.5 |       8 |      13 |  61.9
        D:6 |     622 |     108 |  14.8 |      13 |       6 |  31.6
        D:7 |    1014 |     121 |  10.7 |      16 |       1 |   5.9
        D:8 |    2524 |       0 |   0.0 |      31 |       0 |   0.0
        D:9 |    1516 |     549 |  26.6 |      18 |       3 |  14.3
       D:10 |    1211 |    1224 |  50.3 |      22 |       5 |  18.5
       D:11 |    6673 |    2876 |  30.1 |      31 |      50 |  61.7
       D:12 |    5973 |      37 |   0.6 |      29 |       1 |   3.3
       D:13 |   13157 |    3746 |  22.2 |      52 |      11 |  17.5
       D:14 |    7920 |   13111 |  62.3 |      31 |      17 |  35.4
       D:15 |   10292 |    3787 |  26.9 |      25 |      14 |  35.9
     Lair:1 |    4117 |     187 |   4.3 |      20 |       3 |  13.0
     Lair:2 |    4547 |    7649 |  62.7 |      21 |      70 |  76.9
     Lair:3 |    4205 |     887 |  17.4 |      23 |       4 |  14.8
     Lair:4 |    4015 |    1084 |  21.3 |      14 |       1 |   6.7
     Lair:5 |    3178 |    5483 |  63.3 |      11 |      19 |  63.3
    Swamp:1 |    6816 |       0 |   0.0 |      18 |       0 |   0.0
    Swamp:2 |    7612 |    4952 |  39.4 |      18 |       5 |  21.7
    Swamp:3 |   11511 |    5057 |  30.5 |      26 |       3 |  10.3
    Swamp:4 |   13468 |   13944 |  50.9 |      29 |      21 |  42.0
    Snake:1 |   16002 |    6079 |  27.5 |      25 |      23 |  47.9
    Snake:2 |   25626 |    6582 |  20.4 |      50 |       3 |   5.7
    Snake:3 |   11006 |       0 |   0.0 |      25 |       0 |   0.0
    Snake:4 |   11446 |   38824 |  77.2 |      22 |      59 |  72.8
      Orc:1 |     682 |       0 |   0.0 |      14 |       0 |   0.0
      Orc:2 |    2455 |    9243 |  79.0 |      34 |      39 |  53.4
      Elf:1 |   16314 |   14906 |  47.7 |      30 |      27 |  47.4
      Elf:2 |   22213 |   23823 |  51.7 |      32 |      28 |  46.7
      Elf:3 |    7172 |   46278 |  86.6 |      15 |      33 |  68.8
   Vaults:1 |   27292 |   10435 |  27.7 |      45 |      18 |  28.6
   Vaults:2 |   18992 |   23462 |  55.3 |      35 |      30 |  46.2
      IceCv |       0 |   10359 | 100.0 |       0 |      36 | 100.0
 Desolation |       0 |   53339 | 100.0 |       0 |     101 | 100.0
            +---------+---------+-------+---------+---------+-------
